Canucks vs Blues
(R3)
Created - May 22, 2019 at 19:00
Goals
|
| Canucks |
1 |
2 |
3 |
6 |
| Blues |
1 |
3 |
1 |
5 |
|
Shots
|
| Canucks |
17 |
5 |
10 |
32 |
| Blues |
8 |
10 |
6 |
24 |
|
1st period
1. Canucks , Matt Stajan 5 (Mike Ribeiro 7) at 8:15
2. Blues , Patrick Kaleta 1 (David Perron 2) at 15:06
Penalties :
Sergei Shirokov (STL) for Tripping (Minor) at 2:28, Johan Franzen (Van) for High sticking (Minor) at 5:40, Alex Pietrangelo (STL) for Tripping (Minor) at 6:06, Yann Sauvé (STL) for Boarding (Minor) at 9:05, Yann Sauvé (STL) for Tripping (Minor) at 12:41, Jamie Benn (STL) for Hooking (Minor) at 15:37
2nd period
3. Canucks , Mike Ribeiro 4 (Clarke MacArthur 5, Brad Boyes 9) at 5:31
4. Blues , Sergei Shirokov 1 (Bryce Lampman 3) at 12:31
5. Blues , Sam Gagner 3 (Patrick Kaleta 5, David Perron 3) at 13:04
6. Canucks , Chris Higgins 8 (Jamie McBain 13, Clarke MacArthur 6) at 15:03 (SH)
7. Blues , Sam Gagner 4 (Sergei Shirokov 3) at 15:31 (PP)
Penalties :
Jamie Benn (STL) for Interference (Minor) at 5:55, Bryce Lampman (STL) for Hooking (Minor) at 10:00, Nick Palmieri (Van) for Holding (Minor) at 13:47, Derek Boogaard (Van) for Hooking (Minor) at 17:29
3rd period
8. Canucks , Nik Antropov 3 (Chris Campoli 1, Matt Stajan 10) at 4:40
9. Canucks , Johan Franzen 1 (Chris Higgins 6, Alex Goligoski 5) at 5:15
10. Canucks , Matt Stajan 6 (Jamie McBain 14, Alex Goligoski 6) at 9:33 (PP)
11. Blues , Sergei Shirokov 2 (Bryce Lampman 4) at 15:20
Penalties :
Jordan Eberle (STL) for Boarding (Minor) at 2:33, Jake Gardiner (STL) for Hooking (Minor) at 5:35, Nick Leddy (STL) for Tripping (Minor) at 8:57, Travis Zajac (STL) for Interference (Minor) at 12:28, Jamie McBain (Van) for Interference (Minor) at 16:24, Brandon Yip (STL) for Interference (Minor) at 18:39, Steve Montador (Van) for Roughing (Minor) at 19:13
Goalie Stats
Michal Neuvirth (Van), 19 saves from 24 shots - (0.792), W, 6-1-0, 60:00 minutes
Ray Emery (STL), 26 saves from 32 shots - (0.813), L, 1-1-0, 60:00 minutes
Players Stats for Canucks
Player Name G A P +/- PIM S H SB GA TA FO MP PP MP PK MP
------------------------------------------------------------------------------------
Alex Goligoski 0 2 2 -1 0 3 1 4 1 1 0/0 30:22 11:00 4:19
Brad Boyes 0 1 1 1 0 5 2 1 2 0 1/2 23:06 10:51 1:31
Chris Campoli 0 1 1 2 0 0 1 1 0 0 0/0 21:57 8:27 1:49
Chris Higgins 1 1 2 2 0 3 0 0 0 1 0/0 10:26 0:08 0:55
Clarke MacArthur 0 2 2 1 0 5 3 0 0 0 2/2 23:06 10:51 1:31
Danny DeKeiser 0 0 0 0 0 1 0 0 0 0 0/0 8:07 0:00 0:00
Derek Boogaard 0 0 0 -1 2 0 2 0 0 0 0/0 14:58 8:02 0:00
Jamie McBain 0 2 2 2 2 2 1 1 1 1 0/0 21:18 8:27 1:11
Johan Franzen 1 0 1 2 2 3 0 0 0 0 0/0 9:55 0:34 0:00
Justin Falk 0 0 0 0 0 1 0 0 0 0 0/0 8:19 0:00 0:38
Martins Karsums 0 0 0 -2 0 0 0 0 0 1 0/0 5:32 0:00 0:00
Matt Stajan 2 1 3 0 0 2 1 0 0 2 1/5 21:00 8:28 3:35
Mike Ribeiro 1 1 2 2 0 4 2 1 1 0 26/45 27:09 11:17 3:48
Nick Palmieri 0 0 0 -1 2 1 1 0 1 0 0/0 14:58 8:02 0:00
Nik Antropov 1 0 1 1 0 1 1 0 0 1 3/4 9:23 0:08 0:03
Ryan Hollweg 0 0 0 -2 0 1 0 0 0 0 0/0 5:32 0:00 0:00
Scott Gomez 0 0 0 -1 0 0 0 0 0 0 2/5 6:25 0:00 0:53
Steve Montador 0 0 0 -1 2 0 2 0 2 0 0/0 29:55 10:59 4:19
Players Stats for Blues
Player Name G A P +/- PIM S H SB GA TA FO MP PP MP PK MP
------------------------------------------------------------------------------------
Alex Pietrangelo 0 0 0 -3 2 4 2 2 5 3 0/0 28:05 4:09 10:29
Brandon Yip 0 0 0 0 2 0 1 0 0 1 0/0 4:46 0:00 0:00
Bryce Lampman 0 2 2 1 2 0 3 1 0 1 0/0 24:11 1:58 9:34
Cody Ceci 0 0 0 0 0 0 2 0 0 0 0/0 11:55 0:00 4:21
David Perron 0 2 2 0 0 2 2 0 0 0 1/1 15:15 3:43 1:19
Filip Forsberg 0 0 0 1 0 0 0 0 0 0 0/0 7:50 2:25 0:00
Jake Gardiner 0 0 0 -2 2 2 1 0 0 0 0/0 27:26 4:10 7:28
Jamie Benn 0 0 0 -1 4 0 0 0 0 0 1/1 14:26 0:00 3:05
Jordan Eberle 0 0 0 -2 2 1 2 1 0 1 0/1 25:21 3:43 8:37
Maxim Lapierre 0 0 0 -1 0 0 2 0 0 0 3/3 12:00 0:00 5:55
Nick Leddy 0 0 0 -1 2 0 1 0 0 0 0/0 10:31 1:58 0:26
Nicklas Backstrom 0 0 0 -1 0 5 1 0 0 1 11/35 17:03 3:43 0:25
Patrick Kaleta 1 1 2 1 0 4 2 0 1 0 0/1 14:30 0:00 7:36
Sam Gagner 2 0 2 0 0 2 3 0 0 0 2/3 12:36 2:25 3:25
Sergei Shirokov 2 1 3 0 2 2 1 0 1 0 1/1 10:44 2:25 0:00
Ted Purcell 0 0 0 0 0 1 0 0 0 0 0/0 4:47 0:00 0:00
Travis Zajac 0 0 0 1 2 1 0 1 0 1 9/17 18:22 0:00 8:32
Yann Sauvé 0 0 0 2 4 0 1 0 0 0 0/0 18:14 0:00 6:36
3 Stars
1 - Matt Stajan (Van)
2 - Mike Ribeiro (Van)
3 - Sam Gagner (STL)
Power Play
Canucks - 1 on 12 Attempt(s) - 8.33%
Blues - 1 on 5 Attempt(s) - 20.00%
Penalty Kill
Canucks - 4 on 5 Attempt(s) - 80.00%
- Score 1 goal in Penalty Kill
Blues - 11 on 12 Attempt(s) - 91.67%
- Score 0 goal in Penalty Kill
Team Stat
Canucks - Hits : 17 - Faceoff Wins : 35 - Blocked Shots : 8 - Penalty Minutes : 10
Blues - Hits : 24 - Faceoff Wins : 28 - Blocked Shots : 5 - Penalty Minutes : 24
Official
Referees : Unknown
Linesman : Unknown
Game Notes
5:15 of 3rd period - Canucks goal is going for a video replay. After video review, Goal.
Finance
Level 1 -- Attendance: 6000 (100.00%) -- Ticket Income $534,000
Level 2 -- Attendance: 5000 (100.00%) -- Ticket Income $285,000
Level 3 -- Attendance: 2000 (100.00%) -- Ticket Income $70,000
Level 4 -- Attendance: 4000 (100.00%) -- Ticket Income $96,000
Luxury Box -- Attendance: 951 (95.10%) -- Ticket Income $165,474
Game was played at the Scotttrade center.
Total Attendance: 17951 (99.73%)
Total Ticket Income: $1,150,474
Other Income: $172,571
Total Income: $1,323,045
Canucks
5 vs 5 Forward
Center Left Wing Right Wing Time % Phy DF OF
1 Mike Ribeiro Clarke MacArthur Brad Boyes 40 1 2 2
2 Matt Stajan Derek Boogaard Nick Palmieri 30 1 2 2
3 Nik Antropov Chris Higgins Johan Franzen 20 1 2 2
4 Scott Gomez Ryan Hollweg Martins Karsums 10 1 2 2
5 vs 5 Defense
Defense Defense Time % Phy DF OF
1 Alex Goligoski Steve Montador 40 1 2 2
2 Jamie McBain Chris Campoli 30 1 2 2
3 Danny DeKeiser Justin Falk 20 1 2 2
4 Alex Goligoski Steve Montador 10 1 2 2
PowerPlay Forward
Center Left Wing Right Wing Time % Phy DF OF
1 Mike Ribeiro Clarke MacArthur Brad Boyes 60 1 2 2
2 Matt Stajan Derek Boogaard Nick Palmieri 40 1 2 2
PowerPlay Defense
Defense Defense Time % Phy DF OF
1 Alex Goligoski Steve Montador 60 1 2 2
2 Jamie McBain Chris Campoli 40 1 2 2
Penalty Kill 4 Players Forward
Center Wing Time % Phy DF OF
1 Mike Ribeiro Matt Stajan 60 1 2 2
2 Brad Boyes Clarke MacArthur 40 1 2 2
Penalty Kill 4 Players Defense
Defense Defense Time % Phy DF OF
1 Alex Goligoski Steve Montador 60 1 2 2
2 Jamie McBain Chris Campoli 40 1 2 2
Penalty Kill - 3 Players Forward
Forward Time % Phy DF OF
1 Mike Ribeiro 60 1 2 2
2 Matt Stajan 40 1 2 2
Penalty Kill - 3 Players Defense
Defense Defense Time % Phy DF OF
1 Alex Goligoski Steve Montador 60 1 2 2
2 Jamie McBain Chris Campoli 40 1 2 2
4 vs 4 Forward
Center Wing Time % Phy DF OF
1 Mike Ribeiro Matt Stajan 60 1 2 2
2 Brad Boyes Clarke MacArthur 40 1 2 2
4 vs 4 Defense
Defense Defense Time % Phy DF OF
1 Alex Goligoski Steve Montador 60 1 2 2
2 Jamie McBain Chris Campoli 40 1 2 2
Last Minutes Offensive
Center Left Wing Right Wing Defense Defense
Mike Ribeiro Clarke MacArthur Brad Boyes Alex Goligoski Steve Montador
Last Minutes Defensive
Center Left Wing Right Wing Defense Defense
Mike Ribeiro Clarke MacArthur Brad Boyes Alex Goligoski Steve Montador
Goaltenders
Starting : Michal Neuvirth
Backup : Alex Stalock
Extra Forwards
Normal : Chris Higgins, Nik Antropov, Scott Gomez - PP : Chris Higgins, Nik Antropov - PK : Scott Gomez
Extra Defensemen
Normal : Danny DeKeiser, Justin Falk, Jamie McBain - PP : Danny DeKeiser - PK : Justin Falk, Jamie McBain
Penalty Shots
Mike Ribeiro, Matt Stajan, Brad Boyes, Clarke MacArthur, Derek Boogaard
Scratches
Ladislav Smid (Right Leg Injury)
Blues
5 vs 5 Forward
Center Left Wing Right Wing Time % Phy DF OF
1 Nicklas Backstrom Jamie Benn Jordan Eberle 40 1 2 2
2 Travis Zajac David Perron Sergei Shirokov 30 1 2 2
3 Sam Gagner Filip Forsberg Patrick Kaleta 20 1 2 2
4 Maxim Lapierre Ted Purcell Brandon Yip 10 1 2 2
5 vs 5 Defense
Defense Defense Time % Phy DF OF
1 Alex Pietrangelo Jake Gardiner 40 1 2 2
2 Bryce Lampman Yann Sauvé 30 1 2 2
3 Nick Leddy Cody Ceci 20 1 2 2
4 Jake Gardiner Bryce Lampman 10 1 2 2
PowerPlay Forward
Center Left Wing Right Wing Time % Phy DF OF
1 Nicklas Backstrom David Perron Jordan Eberle 60 1 2 2
2 Sam Gagner Filip Forsberg Sergei Shirokov 40 1 2 2
PowerPlay Defense
Defense Defense Time % Phy DF OF
1 Alex Pietrangelo Jake Gardiner 60 1 2 2
2 Nick Leddy Bryce Lampman 40 1 2 2
Penalty Kill 4 Players Forward
Center Wing Time % Phy DF OF
1 Travis Zajac Jordan Eberle 60 1 2 2
2 Maxim Lapierre Patrick Kaleta 40 1 2 2
Penalty Kill 4 Players Defense
Defense Defense Time % Phy DF OF
1 Alex Pietrangelo Bryce Lampman 60 1 2 2
2 Jake Gardiner Yann Sauvé 40 1 2 2
Penalty Kill - 3 Players Forward
Forward Time % Phy DF OF
1 Maxim Lapierre 60 1 2 2
2 Travis Zajac 40 1 2 2
Penalty Kill - 3 Players Defense
Defense Defense Time % Phy DF OF
1 Alex Pietrangelo Bryce Lampman 60 1 2 2
2 Jake Gardiner Yann Sauvé 40 1 2 2
4 vs 4 Forward
Center Wing Time % Phy DF OF
1 Nicklas Backstrom David Perron 60 1 2 2
2 Travis Zajac Jordan Eberle 40 1 2 2
4 vs 4 Defense
Defense Defense Time % Phy DF OF
1 Alex Pietrangelo Bryce Lampman 60 1 2 2
2 Jake Gardiner Yann Sauvé 40 1 2 2
Last Minutes Offensive
Center Left Wing Right Wing Defense Defense
Nicklas Backstrom David Perron Jordan Eberle Alex Pietrangelo Jake Gardiner
Last Minutes Defensive
Center Left Wing Right Wing Defense Defense
Travis Zajac Ted Purcell Jordan Eberle Yann Sauvé Bryce Lampman
Goaltenders
Starting : Ray Emery
Backup : Carey Price
Extra Forwards
Normal : Sam Gagner, Brandon Yip, Patrick Kaleta - PP : Travis Zajac, Brandon Yip - PK : Patrick Kaleta
Extra Defensemen
Normal : Nick Leddy, Cody Ceci, Jake Gardiner - PP : Nick Leddy - PK : Cody Ceci, Jake Gardiner
Penalty Shots
David Perron, Ted Purcell, Jordan Eberle, Nicklas Backstrom, Jamie Benn
Scratches
Matthew Spiller (Healthy)
% Time on Ice - Canucks
Lines # - Real PCT - Wanted PCT - Time Play
Normal Forward
1 - 33% - 40% - 10:34
2 - 22% - 30% - 6:57
3 - 28% - 20% - 9:03
4 - 17% - 10% - 5:32
Normal Defense
1 - 43% - 40% - 13:45
2 - 33% - 30% - 10:40
3 - 24% - 20% - 7:41
4 - 0% - 10% - 0:00
PP Forward
1 - 59% - 60% - 11:25
2 - 41% - 40% - 8:02
PP Defense
1 - 57% - 60% - 11:00
2 - 43% - 40% - 8:27
PK Forward
1 - 75% - 60% - 4:37
2 - 25% - 40% - 1:31
PK Defense
1 - 70% - 60% - 4:19
2 - 30% - 40% - 1:49
PK3 Forward
1 - 0% - 60%
2 - 0% - 40%
PK3 Defense
1 - 0% - 60%
2 - 0% - 40%
44 Forward
1 - 79% - 60% - 1:50
2 - 21% - 40% - 0:29
44 Defense
1 - 56% - 60% - 1:18
2 - 44% - 40% - 1:01
Last Minute Offensive - 0:00
Last Minute Defensive - 0:00
Total
Forward - 60:00
Defense - 60:00
|
% Time on Ice - Blues
Lines # - Real PCT - Wanted PCT - Time Play
Normal Forward
1 - 39% - 40% - 12:38
2 - 29% - 30% - 9:17
3 - 17% - 20% - 5:24
4 - 15% - 10% - 4:47
Normal Defense
1 - 41% - 40% - 13:11
2 - 34% - 30% - 10:55
3 - 21% - 20% - 6:50
4 - 4% - 10% - 1:10
PP Forward
1 - 61% - 60% - 3:43
2 - 39% - 40% - 2:25
PP Defense
1 - 68% - 60% - 4:10
2 - 32% - 40% - 1:58
PK Forward
1 - 70% - 60% - 13:32
2 - 30% - 40% - 5:55
PK Defense
1 - 56% - 60% - 10:55
2 - 44% - 40% - 8:32
PK3 Forward
1 - 0% - 60%
2 - 0% - 40%
PK3 Defense
1 - 0% - 60%
2 - 0% - 40%
44 Forward
1 - 82% - 60% - 1:54
2 - 18% - 40% - 0:25
44 Defense
1 - 55% - 60% - 1:17
2 - 45% - 40% - 1:02
Last Minute Offensive - 0:00
Last Minute Defensive - 0:00
Total
Forward - 60:00
Defense - 60:00
|
Play-by-Play
1st period
0:01 of 1st period - Mike Ribeiro wins face-off versus Nicklas Backstrom in neutral zone.
0:06 of 1st period - Snap shot by Brad Boyes.
0:06 of 1st period - Shot Misses the Net.
0:55 of 1st period - Wrist shot by Chris Higgins.
0:55 of 1st period - Deflect By Sam Gagner.
0:55 of 1st period - Stopped by Ray Emery with a rebound.
1:34 of 1st period - Snap shot by Mike Ribeiro.
1:34 of 1st period - Deflect By Nicklas Backstrom.
1:34 of 1st period - Stopped by Ray Emery with a rebound.
2:28 of 1st period - Minor Penalty to Sergei Shirokov for Tripping.
2:29 of 1st period - Travis Zajac wins face-off versus Mike Ribeiro in Blues zone.
2:56 of 1st period - Nick Palmieri is hit by Maxim Lapierre and loses puck.
3:38 of 1st period - Maxim Lapierre is hit by Brad Boyes and loses puck.
4:12 of 1st period - Derek Boogaard is hit by Sam Gagner and loses puck.
4:28 of 1st period - Penalty to Sergei Shirokov is over, Sergei Shirokov is back on ice.
4:35 of 1st period - Patrick Kaleta is hit by Matt Stajan and loses puck.
4:46 of 1st period - Wrist shot by Nick Palmieri.
4:46 of 1st period - Shot Misses the Net.
4:48 of 1st period - Slapshot by Danny DeKeiser.
4:48 of 1st period - Stopped by Ray Emery without a rebound.
4:49 of 1st period - Mike Ribeiro wins face-off versus Nicklas Backstrom in Blues zone.
5:02 of 1st period - Mike Ribeiro is hit by Jordan Eberle and loses puck.
5:37 of 1st period - Snap shot by Ted Purcell.
5:37 of 1st period - Stopped by Michal Neuvirth without a rebound.
5:38 of 1st period - Nik Antropov wins face-off versus Nicklas Backstrom in Canucks zone.
5:40 of 1st period - Minor Penalty to Johan Franzen for High sticking.
5:41 of 1st period - Mike Ribeiro wins face-off versus Nicklas Backstrom in Canucks zone.
5:47 of 1st period - Snap shot by Alex Goligoski.
5:47 of 1st period - Stopped by Ray Emery with a rebound.
5:54 of 1st period - Off-side.
5:55 of 1st period - Nicklas Backstrom wins face-off versus Mike Ribeiro in neutral zone.
6:00 of 1st period - Snap shot by Nicklas Backstrom.
6:00 of 1st period - Stopped by Michal Neuvirth with a rebound.
6:06 of 1st period - Minor Penalty to Alex Pietrangelo for Tripping.
6:07 of 1st period - Mike Ribeiro wins face-off versus Nicklas Backstrom in Blues zone.
6:10 of 1st period - Snap shot by Matt Stajan.
6:10 of 1st period - Shot Misses the Net.
6:23 of 1st period - Icing by Alex Goligoski.
6:24 of 1st period - Nicklas Backstrom wins face-off versus Mike Ribeiro in Canucks zone.
6:31 of 1st period - Backhand shot by Nicklas Backstrom.
6:31 of 1st period - Stopped by Michal Neuvirth without a rebound.
6:32 of 1st period - Mike Ribeiro wins face-off versus Nicklas Backstrom in Canucks zone.
6:41 of 1st period - Bryce Lampman is hit by Steve Montador and loses puck.
6:56 of 1st period - Wrist shot by Nicklas Backstrom.
6:56 of 1st period - Stopped by Michal Neuvirth without a rebound.
6:57 of 1st period - Nicklas Backstrom wins face-off versus Mike Ribeiro in Canucks zone.
6:58 of 1st period - Snap shot by David Perron.
6:58 of 1st period - Stopped by Michal Neuvirth with a rebound.
7:40 of 1st period - Penalty to Johan Franzen is over, Johan Franzen is back on ice.
7:44 of 1st period - Matt Stajan is hit by Bryce Lampman and loses puck.
7:51 of 1st period - Jordan Eberle is hit by Steve Montador and loses puck.
8:06 of 1st period - Penalty to Alex Pietrangelo is over, Alex Pietrangelo is back on ice.
8:10 of 1st period - Yann Sauvé is hit by Mike Ribeiro and loses puck.
8:15 of 1st period - Wrist shot by Matt Stajan.
8:15 of 1st period - Goal by Matt Stajan - Canucks : 1 - Blues : 0.
8:16 of 1st period - Scott Gomez wins face-off versus Nicklas Backstrom in neutral zone.
8:25 of 1st period - Wrist shot by Ryan Hollweg.
8:25 of 1st period - Stopped by Ray Emery with a rebound.
8:33 of 1st period - Steve Montador is hit by Nicklas Backstrom and loses puck.
9:05 of 1st period - Minor Penalty to Yann Sauvé for Boarding.
9:06 of 1st period - Mike Ribeiro wins face-off versus Travis Zajac in Blues zone.
9:12 of 1st period - Snap shot by Brad Boyes.
9:12 of 1st period - Stopped by Ray Emery with a rebound.
10:32 of 1st period - Bryce Lampman is hit by Brad Boyes and loses puck.
11:05 of 1st period - Penalty to Yann Sauvé is over, Yann Sauvé is back on ice.
11:17 of 1st period - Chris Higgins is hit by Cody Ceci and loses puck.
11:28 of 1st period - Steve Montador is hit by Sam Gagner and loses puck.
12:17 of 1st period - Slapshot by Alex Pietrangelo.
12:17 of 1st period - Shot Misses the Net.
12:41 of 1st period - Minor Penalty to Yann Sauvé for Tripping.
12:42 of 1st period - Mike Ribeiro wins face-off versus Travis Zajac in Blues zone.
12:43 of 1st period - Wrist shot by Clarke MacArthur.
12:43 of 1st period - Deflect By Brad Boyes.
12:43 of 1st period - Stopped by Ray Emery without a rebound.
12:44 of 1st period - Mike Ribeiro wins face-off versus Travis Zajac in Blues zone.
12:45 of 1st period - Slapshot by Jamie McBain.
12:45 of 1st period - Shot Misses the Net.
12:47 of 1st period - Slapshot by Jamie McBain.
12:47 of 1st period - Stopped by Ray Emery without a rebound.
12:48 of 1st period - Travis Zajac wins face-off versus Mike Ribeiro in Blues zone.
13:17 of 1st period - Wrist shot by Nick Palmieri.
13:17 of 1st period - Stopped by Ray Emery with a rebound.
13:55 of 1st period - Steve Montador is hit by Bryce Lampman and loses puck.
14:06 of 1st period - Slapshot by Alex Goligoski.
14:06 of 1st period - Shot Blocked by Bryce Lampman.
14:08 of 1st period - Slapshot by Alex Goligoski.
14:08 of 1st period - Deflect By Matt Stajan.
14:08 of 1st period - Shot Misses the Net.
14:08 of 1st period - Puck is out of play.
14:09 of 1st period - Travis Zajac wins face-off versus Mike Ribeiro in Blues zone.
14:41 of 1st period - Penalty to Yann Sauvé is over, Yann Sauvé is back on ice.
15:04 of 1st period - Slapshot by Patrick Kaleta.
15:04 of 1st period - Stopped by Michal Neuvirth with a rebound.
15:06 of 1st period - Slapshot by Patrick Kaleta.
15:06 of 1st period - Goal by Patrick Kaleta - Canucks : 1 - Blues : 1.
15:07 of 1st period - Mike Ribeiro wins face-off versus Nicklas Backstrom in neutral zone.
15:12 of 1st period - Wrist shot by Mike Ribeiro.
15:12 of 1st period - Deflect By Clarke MacArthur.
15:12 of 1st period - Shot Blocked by Alex Pietrangelo.
15:12 of 1st period - Puck is out of play.
15:13 of 1st period - Mike Ribeiro wins face-off versus Nicklas Backstrom in Blues zone.
15:14 of 1st period - Wrist shot by Brad Boyes.
15:14 of 1st period - Stopped by Ray Emery without a rebound.
15:15 of 1st period - Jamie Benn wins face-off versus Mike Ribeiro in Blues zone.
15:28 of 1st period - Snap shot by Mike Ribeiro.
15:28 of 1st period - Stopped by Ray Emery without a rebound.
15:29 of 1st period - Mike Ribeiro wins face-off versus Nicklas Backstrom in Blues zone.
15:37 of 1st period - Minor Penalty to Jamie Benn for Hooking.
15:38 of 1st period - Travis Zajac wins face-off versus Brad Boyes in Blues zone.
15:38 of 1st period - Travis Zajac is hit by Clarke MacArthur.
15:53 of 1st period - Wrist shot by Alex Goligoski.
15:53 of 1st period - Deflect By Alex Pietrangelo.
15:53 of 1st period - Stopped by Ray Emery without a rebound.
15:54 of 1st period - Travis Zajac wins face-off versus Mike Ribeiro in Blues zone.
16:00 of 1st period - Icing by Alex Goligoski.
16:01 of 1st period - Clarke MacArthur wins face-off versus Travis Zajac in Canucks zone.
16:24 of 1st period - Wrist shot by Clarke MacArthur.
16:24 of 1st period - Stopped by Ray Emery with a rebound.
17:09 of 1st period - Wrist shot by Patrick Kaleta.
17:09 of 1st period - Stopped by Michal Neuvirth with a rebound.
17:37 of 1st period - Penalty to Jamie Benn is over, Jamie Benn is back on ice.
17:53 of 1st period - Slapshot by Jake Gardiner.
17:53 of 1st period - Shot Blocked by Alex Goligoski.
18:07 of 1st period - Snap shot by Clarke MacArthur.
18:07 of 1st period - Stopped by Ray Emery with a rebound.
18:09 of 1st period - Snap shot by Mike Ribeiro.
18:09 of 1st period - Stopped by Ray Emery without a rebound.
18:10 of 1st period - Matt Stajan wins face-off versus Travis Zajac in Blues zone.
18:37 of 1st period - Chris Campoli is hit by Nick Leddy and loses puck.
19:07 of 1st period - Icing by Jamie McBain.
19:08 of 1st period - Scott Gomez wins face-off versus Nicklas Backstrom in Canucks zone.
19:29 of 1st period - Snap shot by Jamie McBain.
19:29 of 1st period - Stopped by Ray Emery with a rebound.
Goals for this period are 1 for Canucks vs 1 for Blues.
Shots for this period are 17 for Canucks vs 8 for Blues.
2nd period
0:01 of 2nd period - Mike Ribeiro wins face-off versus Nicklas Backstrom in neutral zone.
1:08 of 2nd period - Slapshot by Jake Gardiner.
1:08 of 2nd period - Stopped by Michal Neuvirth without a rebound.
1:09 of 2nd period - Maxim Lapierre wins face-off versus Scott Gomez in Canucks zone.
1:39 of 2nd period - Nicklas Backstrom is hit by Mike Ribeiro and loses puck.
2:06 of 2nd period - Snap shot by Patrick Kaleta.
2:06 of 2nd period - Shot Misses the Net.
2:21 of 2nd period - Alex Goligoski is hit by David Perron and loses puck.
2:48 of 2nd period - Maxim Lapierre is hit by Jamie McBain and loses puck.
3:29 of 2nd period - Bryce Lampman is hit by Nick Palmieri and loses puck.
3:51 of 2nd period - Wrist shot by David Perron.
3:51 of 2nd period - Shot Misses the Net.
5:31 of 2nd period - Slapshot by Mike Ribeiro.
5:31 of 2nd period - Goal by Mike Ribeiro - Canucks : 2 - Blues : 1.
5:32 of 2nd period - Mike Ribeiro wins face-off versus Nicklas Backstrom in neutral zone.
5:37 of 2nd period - Wrist shot by Brad Boyes.
5:37 of 2nd period - Shot Blocked by Alex Pietrangelo.
5:39 of 2nd period - Slapshot by Justin Falk.
5:39 of 2nd period - Stopped by Ray Emery with a rebound.
5:55 of 2nd period - Minor Penalty to Jamie Benn for Interference.
5:56 of 2nd period - Mike Ribeiro wins face-off versus Travis Zajac in Blues zone.
6:09 of 2nd period - Snap shot by Brad Boyes.
6:09 of 2nd period - Stopped by Ray Emery with a rebound.
6:28 of 2nd period - Derek Boogaard is hit by Patrick Kaleta and loses puck.
7:21 of 2nd period - Clarke MacArthur is hit by Yann Sauvé.
7:55 of 2nd period - Penalty to Jamie Benn is over, Jamie Benn is back on ice.
8:38 of 2nd period - Chris Higgins is hit by Cody Ceci and loses puck.
9:04 of 2nd period - Clarke MacArthur is hit by Maxim Lapierre and loses puck.
9:11 of 2nd period - Alex Goligoski is hit by Brandon Yip and loses puck.
9:24 of 2nd period - Jake Gardiner is hit by Alex Goligoski and loses puck.
10:00 of 2nd period - Minor Penalty to Bryce Lampman for Hooking.
10:01 of 2nd period - Mike Ribeiro wins face-off versus Travis Zajac in Blues zone.
10:01 of 2nd period - Slapshot by Clarke MacArthur.
10:01 of 2nd period - Shot Misses the Net.
10:17 of 2nd period - Wrist shot by Jordan Eberle.
10:17 of 2nd period - Shot Blocked by Jamie McBain.
10:31 of 2nd period - Derek Boogaard is hit by Patrick Kaleta and loses puck.
12:00 of 2nd period - Penalty to Bryce Lampman is over, Bryce Lampman is back on ice.
12:31 of 2nd period - Backhand shot by Sergei Shirokov.
12:31 of 2nd period - Goal by Sergei Shirokov - Canucks : 2 - Blues : 2.
12:32 of 2nd period - Nicklas Backstrom wins face-off versus Matt Stajan in neutral zone.
12:35 of 2nd period - Matt Stajan is hit by Alex Pietrangelo and loses puck.
13:04 of 2nd period - Snap shot by Sam Gagner.
13:04 of 2nd period - Goal by Sam Gagner - Canucks : 2 - Blues : 3.
13:05 of 2nd period - Nicklas Backstrom wins face-off versus Mike Ribeiro in neutral zone.
13:11 of 2nd period - Off-side.
13:12 of 2nd period - Nicklas Backstrom wins face-off versus Mike Ribeiro in neutral zone.
13:15 of 2nd period - Slapshot by Alex Pietrangelo.
13:15 of 2nd period - Stopped by Michal Neuvirth with a rebound.
13:17 of 2nd period - Snap shot by Nicklas Backstrom.
13:17 of 2nd period - Shot Misses the Net.
13:19 of 2nd period - Slapshot by Jordan Eberle.
13:19 of 2nd period - Stopped by Michal Neuvirth without a rebound.
13:20 of 2nd period - Clarke MacArthur wins face-off versus Nicklas Backstrom in Canucks zone.
13:47 of 2nd period - Minor Penalty to Nick Palmieri for Holding.
13:48 of 2nd period - Nicklas Backstrom wins face-off versus Mike Ribeiro in Canucks zone.
13:51 of 2nd period - Wrist shot by Nicklas Backstrom.
13:51 of 2nd period - Deflect By Jordan Eberle.
13:51 of 2nd period - Shot Blocked by Alex Goligoski.
13:51 of 2nd period - Puck is out of play.
13:52 of 2nd period - Nicklas Backstrom wins face-off versus Matt Stajan in Canucks zone.
14:29 of 2nd period - Matt Stajan is hit by Sergei Shirokov and loses puck.
15:01 of 2nd period - Slapshot by Chris Higgins.
15:01 of 2nd period - Shot Misses the Net.
15:03 of 2nd period - Wrist shot by Chris Higgins.
15:03 of 2nd period - Goal by Chris Higgins - Canucks : 3 - Blues : 3.
15:04 of 2nd period - Nicklas Backstrom wins face-off versus Matt Stajan in neutral zone.
15:21 of 2nd period - Wrist shot by Nicklas Backstrom.
15:21 of 2nd period - Stopped by Michal Neuvirth with a rebound.
15:31 of 2nd period - Wrist shot by Sam Gagner.
15:31 of 2nd period - Goal by Sam Gagner - Canucks : 3 - Blues : 4.
15:32 of 2nd period - Mike Ribeiro wins face-off versus Nicklas Backstrom in neutral zone.
15:59 of 2nd period - Alex Goligoski is hit by Alex Pietrangelo.
16:05 of 2nd period - Backhand shot by Bryce Lampman.
16:05 of 2nd period - Shot Misses the Net.
16:25 of 2nd period - Snap shot by Patrick Kaleta.
16:25 of 2nd period - Stopped by Michal Neuvirth without a rebound.
16:26 of 2nd period - Sam Gagner wins face-off versus Mike Ribeiro in Canucks zone.
16:29 of 2nd period - Wrist shot by Sam Gagner.
16:29 of 2nd period - Shot Blocked by Chris Campoli.
16:35 of 2nd period - Snap shot by Clarke MacArthur.
16:35 of 2nd period - Stopped by Ray Emery without a rebound.
16:36 of 2nd period - Mike Ribeiro wins face-off versus Nicklas Backstrom in Blues zone.
16:54 of 2nd period - Alex Pietrangelo is hit by Clarke MacArthur and loses puck.
17:06 of 2nd period - Off-side.
17:07 of 2nd period - Sergei Shirokov wins face-off versus Matt Stajan in neutral zone.
17:07 of 2nd period - Travis Zajac is hit by Derek Boogaard and loses puck.
17:29 of 2nd period - Minor Penalty to Derek Boogaard for Hooking.
17:30 of 2nd period - Mike Ribeiro wins face-off versus Nicklas Backstrom in Canucks zone.
17:39 of 2nd period - Snap shot by David Perron.
17:39 of 2nd period - Stopped by Michal Neuvirth without a rebound.
17:40 of 2nd period - Mike Ribeiro wins face-off versus Nicklas Backstrom in Canucks zone.
18:05 of 2nd period - Slapshot by Alex Pietrangelo.
18:05 of 2nd period - Shot Blocked by Mike Ribeiro.
18:07 of 2nd period - Slapshot by Jake Gardiner.
18:07 of 2nd period - Shot Misses the Net.
18:15 of 2nd period - Slapshot by Alex Pietrangelo.
18:15 of 2nd period - Deflect By Matt Stajan.
18:15 of 2nd period - Stopped by Michal Neuvirth with a rebound.
18:33 of 2nd period - Snap shot by Brad Boyes.
18:33 of 2nd period - Shot Misses the Net.
19:29 of 2nd period - Penalty to Derek Boogaard is over, Derek Boogaard is back on ice.
19:35 of 2nd period - Snap shot by Chris Higgins.
19:35 of 2nd period - Deflect By Johan Franzen.
19:35 of 2nd period - Shot Misses the Net.
19:35 of 2nd period - Puck is out of play.
19:36 of 2nd period - Nicklas Backstrom wins face-off versus Nik Antropov in Blues zone.
Goals for this period are 2 for Canucks vs 3 for Blues.
Shots for this period are 5 for Canucks vs 10 for Blues.
3rd period
0:01 of 3rd period - Mike Ribeiro wins face-off versus Nicklas Backstrom in neutral zone.
0:26 of 3rd period - David Perron is hit by Derek Boogaard and loses puck.
0:37 of 3rd period - Snap shot by Alex Pietrangelo.
0:37 of 3rd period - Stopped by Michal Neuvirth with a rebound.
1:34 of 3rd period - Wrist shot by Ted Purcell.
1:34 of 3rd period - Shot Blocked by Brad Boyes.
2:07 of 3rd period - Slapshot by Alex Goligoski.
2:07 of 3rd period - Stopped by Ray Emery with a rebound.
2:18 of 3rd period - Off-side.
2:19 of 3rd period - Nik Antropov wins face-off versus Jordan Eberle in neutral zone.
2:33 of 3rd period - Minor Penalty to Jordan Eberle for Boarding.
2:34 of 3rd period - Mike Ribeiro wins face-off versus Travis Zajac in Blues zone.
4:33 of 3rd period - Penalty to Jordan Eberle is over, Jordan Eberle is back on ice.
4:40 of 3rd period - Wrist shot by Nik Antropov.
4:40 of 3rd period - Goal by Nik Antropov - Canucks : 4 - Blues : 4.
4:41 of 3rd period - Brad Boyes wins face-off versus Nicklas Backstrom in neutral zone.
5:08 of 3rd period - Nick Leddy is hit by Nik Antropov and loses puck.
5:13 of 3rd period - Wrist shot by Chris Higgins.
5:13 of 3rd period - Shot Misses the Net.
5:15 of 3rd period - Wrist shot by Johan Franzen.
5:15 of 3rd period - Canucks goal is going for a video replay.
5:15 of 3rd period - The goal is good.
5:15 of 3rd period - Goal by Johan Franzen - Canucks : 5 - Blues : 4.
5:16 of 3rd period - Mike Ribeiro wins face-off versus Nicklas Backstrom in neutral zone.
5:16 of 3rd period - Steve Montador is hit by Jordan Eberle and loses puck.
5:23 of 3rd period - Wrist shot by Clarke MacArthur.
5:23 of 3rd period - Stopped by Ray Emery with a rebound.
5:27 of 3rd period - Snap shot by Mike Ribeiro.
5:27 of 3rd period - Deflect By Clarke MacArthur.
5:27 of 3rd period - Stopped by Ray Emery without a rebound.
5:28 of 3rd period - Mike Ribeiro wins face-off versus Nicklas Backstrom in Blues zone.
5:33 of 3rd period - Wrist shot by Clarke MacArthur.
5:33 of 3rd period - Deflect By Brad Boyes.
5:33 of 3rd period - Stopped by Ray Emery with a rebound.
5:35 of 3rd period - Minor Penalty to Jake Gardiner for Hooking.
5:36 of 3rd period - Travis Zajac wins face-off versus Mike Ribeiro in Blues zone.
5:41 of 3rd period - Wrist shot by Travis Zajac.
5:41 of 3rd period - Stopped by Michal Neuvirth with a rebound.
7:35 of 3rd period - Penalty to Jake Gardiner is over, Jake Gardiner is back on ice.
8:05 of 3rd period - Danny DeKeiser is hit by Sam Gagner and loses puck.
8:16 of 3rd period - Wrist shot by Nik Antropov.
8:16 of 3rd period - Shot Misses the Net.
8:18 of 3rd period - Slapshot by Nik Antropov.
8:18 of 3rd period - Shot Misses the Net.
8:20 of 3rd period - Snap shot by Chris Higgins.
8:20 of 3rd period - Shot Misses the Net.
8:22 of 3rd period - Snap shot by Nik Antropov.
8:22 of 3rd period - Shot Misses the Net.
8:46 of 3rd period - Wrist shot by Nik Antropov.
8:46 of 3rd period - Shot Blocked by Travis Zajac.
8:48 of 3rd period - Snap shot by Chris Higgins.
8:48 of 3rd period - Stopped by Ray Emery with a rebound.
8:50 of 3rd period - Snap shot by Johan Franzen.
8:50 of 3rd period - Stopped by Ray Emery without a rebound.
8:51 of 3rd period - Maxim Lapierre wins face-off versus Mike Ribeiro in Blues zone.
8:57 of 3rd period - Minor Penalty to Nick Leddy for Tripping.
8:58 of 3rd period - Maxim Lapierre wins face-off versus Mike Ribeiro in Blues zone.
9:33 of 3rd period - Slapshot by Matt Stajan.
9:33 of 3rd period - Goal by Matt Stajan - Canucks : 6 - Blues : 4.
9:34 of 3rd period - Mike Ribeiro wins face-off versus Sam Gagner in neutral zone.
10:05 of 3rd period - Slapshot by Nick Leddy.
10:05 of 3rd period - Shot Misses the Net.
10:07 of 3rd period - Wrist shot by Brandon Yip.
10:07 of 3rd period - Shot Misses the Net.
10:19 of 3rd period - Snap shot by Matt Stajan.
10:19 of 3rd period - Shot Blocked by Jordan Eberle.
10:21 of 3rd period - Wrist shot by Johan Franzen.
10:21 of 3rd period - Stopped by Ray Emery without a rebound.
10:22 of 3rd period - Nik Antropov wins face-off versus Nicklas Backstrom in Blues zone.
10:37 of 3rd period - Wrist shot by Nicklas Backstrom.
10:37 of 3rd period - Stopped by Michal Neuvirth with a rebound.
10:39 of 3rd period - Slapshot by Jordan Eberle.
10:39 of 3rd period - Shot Misses the Net.
10:41 of 3rd period - Slapshot by Jamie Benn.
10:41 of 3rd period - Shot Misses the Net.
10:43 of 3rd period - Slapshot by Jake Gardiner.
10:43 of 3rd period - Stopped by Michal Neuvirth without a rebound.
10:44 of 3rd period - Travis Zajac wins face-off versus Mike Ribeiro in Canucks zone.
10:51 of 3rd period - Wrist shot by Sergei Shirokov.
10:51 of 3rd period - Shot Misses the Net.
12:21 of 3rd period - Snap shot by Scott Gomez.
12:21 of 3rd period - Shot Misses the Net.
12:23 of 3rd period - Wrist shot by Ryan Hollweg.
12:23 of 3rd period - Shot Misses the Net.
12:28 of 3rd period - Minor Penalty to Travis Zajac for Interference.
12:29 of 3rd period - Mike Ribeiro wins face-off versus Patrick Kaleta in Blues zone.
12:45 of 3rd period - Mike Ribeiro is hit by Bryce Lampman and loses puck.
14:28 of 3rd period - Penalty to Travis Zajac is over, Travis Zajac is back on ice.
14:39 of 3rd period - Snap shot by Travis Zajac.
14:39 of 3rd period - Deflect By Jordan Eberle.
14:39 of 3rd period - Shot Blocked by Alex Goligoski.
14:39 of 3rd period - Puck is out of play.
14:40 of 3rd period - Travis Zajac wins face-off versus Scott Gomez in Canucks zone.
14:48 of 3rd period - Icing by Danny DeKeiser.
14:49 of 3rd period - David Perron wins face-off versus Scott Gomez in Canucks zone.
15:12 of 3rd period - Slapshot by Alex Pietrangelo.
15:12 of 3rd period - Stopped by Michal Neuvirth with a rebound.
15:20 of 3rd period - Slapshot by Sergei Shirokov.
15:20 of 3rd period - Goal by Sergei Shirokov - Canucks : 6 - Blues : 5.
15:21 of 3rd period - Sam Gagner wins face-off versus Mike Ribeiro in neutral zone.
15:21 of 3rd period - Sam Gagner is hit by Clarke MacArthur.
15:27 of 3rd period - Backhand shot by Patrick Kaleta.
15:27 of 3rd period - Shot Blocked by Alex Goligoski.
15:53 of 3rd period - Alex Pietrangelo is hit by Chris Campoli and loses puck.
16:24 of 3rd period - Minor Penalty to Jamie McBain for Interference.
16:25 of 3rd period - Nicklas Backstrom wins face-off versus Mike Ribeiro in Canucks zone.
16:28 of 3rd period - Slapshot by Alex Pietrangelo.
16:28 of 3rd period - Shot Misses the Net.
17:45 of 3rd period - Snap shot by Chris Higgins.
17:45 of 3rd period - Shot Misses the Net.
18:01 of 3rd period - Mike Ribeiro is hit by Jake Gardiner and loses puck.
18:16 of 3rd period - Steve Montador is hit by David Perron and loses puck.
18:24 of 3rd period - Penalty to Jamie McBain is over, Jamie McBain is back on ice.
18:39 of 3rd period - Minor Penalty to Brandon Yip for Interference.
18:40 of 3rd period - Travis Zajac wins face-off versus Mike Ribeiro in Blues zone.
19:13 of 3rd period - Minor Penalty to Steve Montador for Roughing.
19:14 of 3rd period - Mike Ribeiro wins face-off versus Nicklas Backstrom in Canucks zone.
Goals for this period are 3 for Canucks vs 1 for Blues.
Shots for this period are 10 for Canucks vs 6 for Blues.
Back to the Top